 Dungeon Crawl Stone Soup version 0.26-a0-652-gafc20e3620 (webtiles) character file.

Game seed: 12872748629782351317

347 jasper the Chopper (level 6, 0/47 HPs)
             Began as a Demonspawn Abyssal Knight on Oct 1, 2020.
             Was a Believer of Lugonu.
             Slain by Crazy Yiuf
             ... wielding a +4 quarterstaff of chaos
              (16 damage)
             ... on level 3 of the Dungeon.
             The game lasted 00:05:15 (3238 turns).

jasper the Chopper (Demonspawn Abyssal Knight)      Turns: 3238, Time: 00:05:15

Health: 0/47       AC: 10    Str: 15      XL:     6   Next: 32%
Magic:  8/8        EV:  8    Int: 12 (13) God:    Lugonu [**....]
Gold:   33         SH:  3    Dex: 11 (12) Spells: 5/5 levels left

rFire    x . .     SeeInvis .   a - +1 hand axe
rCold    + . .     Faith    .   c - +0 buckler
rNeg     . . .     Spirit   .   t - +0 scale mail
rPois    .         Reflect  .   (no helmet)
rElec    .         Harm     .   l - +1 cloak
rCorr    .         Rampage  .   (no gloves)
MR       .....                  (no boots)
Stlth    ..........             (no amulet)
HPRegen  0.15/turn              g - ring of ice
MPRegen  0.11/turn              (no ring)

@: lethally poisoned (0 -> -8)
A: talons 1, iridescent scales 1, spiny 1
a: Depart the Abyss, Bend Space, Renounce Religion


You were on level 3 of the Dungeon.
You worshipped Lugonu.
Lugonu was pleased with you.
You visited 1 branch of the dungeon, and saw 3 of its levels.
You visited the Abyss 1 time.

You collected 33 gold pieces.

Inventory:

Hand Weapons
 a - a +1 hand axe (weapon)
Missiles
 d - 2 boomerangs of dispersal
 f - 102 stones
 i - 4 boomerangs (quivered)
 p - 40 poisoned darts
 q - 4 datura-tipped darts
Armour
 b - a +0 leather armour
 c - a +0 buckler (worn)
 l - a +1 cloak (worn)
 t - a +0 scale mail (worn)
Jewellery
 g - a ring of ice (left hand)
Wands
 j - a wand of flame (1)
Scrolls
 h - 2 scrolls of identify
 k - 2 scrolls of remove curse {unknown}
 m - 2 scrolls of amnesia {unknown}
 o - 2 scrolls of enchant armour {unknown}
 r - a scroll of enchant weapon {unknown}


   Skills:
 - Level 3.1 Fighting
 * Level 6.0 Axes
 - Level 1.9 Armour
 - Level 0.9 Dodging
 - Level 0.3 Shields
 - Level 2.7 Invocations


You had 5 spell levels left.
You didn't know any spells.
Your spell library was empty.

Dungeon Overview and Level Annotations

Branches:
Dungeon (3/15)

Altars:
Ashenzari
Cheibriados

Annotations:
D:3 1 runed translucent door, Crazy Yiuf


Innate Abilities, Weirdness & Mutations

You have sharp toenails.
You are partially covered in iridescent scales. (AC +2)
You are partially covered in sharp spines.


Message History

Lugonu accepts your kill.
You hit the orc.
You kill the orc!
Lugonu accepts your kill.
Your Axes skill increases to level 6!
You barely miss the jackal.
Your surroundings suddenly seem different.
Crazy Yiuf the Enlightened comes into view.
He is wielding a +4 quarterstaff of chaos.
Crazy Yiuf shouts!
Crazy Yiuf whimpers, "Whippet chair poople!"
Found a mace.
Found a runed translucent door.
It was a potion of magic.
Magic courses through your body.
Crazy Yiuf hits you with a +4 quarterstaff of chaos.
You are poisoned.
You hit Crazy Yiuf. You claw Crazy Yiuf, but do no damage.
Crazy Yiuf is lightly wounded.
You feel sick.
Crazy Yiuf hits you with a +4 quarterstaff of chaos.
You are electrocuted!
You die...

...........
#.........
#.......#
#...o..####
#.ho)......
#####
#...)..#
#)..#
#......#
#..g#
#....$.#
#..@#
#...(..######
##+##
#............
♣.
#......#...#.
♣♣
#####...†....
#.##...#$ #.#
.....
#.#######
#.#.#...#
#.#.#....


You could see Crazy Yiuf.

Vanquished Creatures
  Sigmund (D:3)
  Ijyb (D:3)
  Natasha (D:3)
  4 adders
  An ooze (D:2)
  2 worms
  A dart slug (D:2)
  3 leopard geckos
  6 orcs (D:3)
  3 giant cockroaches
  6 goblins
  10 hobgoblins
  8 jackals
  13 bats
  5 frilled lizards
  10 kobolds
  8 rats
83 creatures vanquished.

Notes
Turn   | Place    | Note
-------+----------+-------------------------------------------
     0 | Abyss:1  | jasper the Demonspawn Abyssal Knight began the quest for
                  | the Orb.
     0 | Abyss:1  | Reached XP level 1. HP: 18/18 MP: 2/2
    45 | Abyss:1  | Noticed a small abomination
    46 | D:1      | Escaped the Abyss
   132 | D:1      | Reached skill level 2 in Axes
   132 | D:1      | Reached * piety under Lugonu
   400 | D:1      | Gained mutation: You are partially covered in iridescent
                  | scales. (AC +2) [demonic ancestry]
   400 | D:1      | Reached XP level 2. HP: 12/24 MP: 3/3
   909 | D:1      | Reached XP level 3. HP: 29/29 MP: 5/5
  1091 | D:1      | Reached skill level 3 in Axes
  1480 | D:2      | Found a snail-covered altar of Cheibriados.
  1510 | D:2      | Reached ** piety under Lugonu
  1530 | D:2      | Reached XP level 4. HP: 35/35 MP: 6/6
  1695 | D:2      | Found a broken altar of Ashenzari.
  2024 | D:2      | Reached skill level 4 in Axes
  2453 | D:3      | Noticed Sigmund
  2478 | D:3      | Killed Sigmund
  2478 | D:3      | Reached skill level 5 in Axes
  2478 | D:3      | Gained mutation: You are partially covered in sharp spines.
                  | [demonic ancestry]
  2478 | D:3      | Reached XP level 5. HP: 41/41 MP: 7/7
  2478 | D:3      | Gained mutation: You have sharp toenails. [demonic
                  | ancestry]
  2478 | D:3      | Reached XP level 6. HP: 47/47 MP: 8/8
  2703 | D:3      | Noticed Ijyb
  2732 | D:3      | Killed Ijyb
  3223 | D:3      | Noticed Natasha
  3232 | D:3      | Killed Natasha
  3236 | D:3      | Reached skill level 6 in Axes
  3236 | D:3      | Found a runed translucent door.
  3236 | D:3      | Noticed Crazy Yiuf
  3238 | D:3      | Slain by Crazy Yiuf

Illustrated notes

Levels and vault maps discovered:
D:1:      lightli_iron_boxes, layout_rooms
D:2:      layout_basic, ashenzari_conservatory_becter, cheibriados_altar_1
D:3:      wander_river, layout_basic, lemuel_coloured_pillars_altar,
          uniq_crazy_yiuf_cottage, uniq_jessica, uniq_ijyb, uniq_natasha,
          uniq_sigmund

Skill      XL: |  1  2  3  4  5  6 |
---------------+-------------------+-----
Axes           | 2 3 5 6 |  6.0
Fighting       | |  3.1
Armour         | |  1.9
Dodging        | |  0.9
Shields        | |  0.3
Invocations    | |  2.7

Action                   |  1- 3 |  4- 6 || total
-------------------------+-------+-------++-------
Melee: Hand axe          |   103 |    93 ||   196
       Kick              |       |     7 ||     7
Throw: Boomerang         |    57 |    48 ||   105
Invok: Depart the Abyss  |     1 |       ||     1
  Use: Potion            |       |     7 ||     7
       Scroll            |       |     2 ||     2
 Stab: Invisible         |       |     3 ||     3
Armor: Leather armour    |    68 |    16 ||    84
       Skin              |       |     7 ||     7
       Scale mail        |       |    23 ||    23
Dodge: Dodged            |    93 |    35 ||   128
Block: Buckler           |    27 |    11 ||    38

Table legend: (Time is in decaauts)
 A = Elapsed time spent in this place.
 B = Non-inter-level travel time spent in this place.
 C = Inter-level travel time spent in this place.
 D = Time resting spent in this place.
 E = Time spent auto-exploring this place.
 F = Levels seen in this place.
 G = Mean time per level.
                   A        B        C        D        E       F      G
               +--------+--------+--------+--------+--------+-----+--------+
         Total |   3322 |   3261 |     61 |    696 |   1907 |   4 |  830.5 |
       Dungeon |   3276 |   3215 |     61 |    696 |   1862 |   3 | 1092.0 |
         Abyss |     46 |     46 |      0 |      0 |     45 |   1 |   46.0 |
               +--------+--------+--------+--------+--------+-----+--------+

Top non-repeatable levels by time:
     D:1: 1281 daAuts
     D:2: 1182 daAuts
     D:3: 811 daAuts
 Abyss:1: 46 daAuts
